AoeStats
← Uptown

Black Forest

504379904Analyzed
4v4 RM · 29d ago on Sep 5, 2026· 58m 17s· 8 players
Game mode
Random Map
Map size
Large (8 player)
Population
200
Speed
Normal
Resources
Standard
Victory
Conquest
Starting age
Dark Age
Ending age
Imperial Age
RankedLock teamsTeams togetherTeam positionsShared explorationLock speedFull tech treeHidden civsTurbo modeCheats
Victory
Defeat
🇳🇿 Magyars · New Zealand
930
+14
🇭🇰 Wei · Hong Kong SAR China
855
+17
🇭🇰 Romans · Hong Kong SAR China
855
+17
🇨🇳 Britons · China
834
+18
🇺🇸 Mongols · United States
948
-18
🇲🇽 Huns · Mexico
884
-17
🇺🇸 Lithuanians · United States
856
-16
🇧🇷 Britons · Brazil
847
-15
MRG621
6:12 Loom
18:47 Feudal Age
GodLyCrisCo
0:32 Loom
16:51 Feudal Age
21:01 Castle Age
19:44 Double-Bit Axe
19:41 Horse Collar
23:28 Wheelbarrow
22:56 Heavy Plow
25:12 Bow Saw
26:08 Gold Mining
33:09 Imperial Age
31:59 Bloodlines
31:50 Husbandry
32:11 Hand Cart
31:58 Stone Mining
33:27 Cavalier
34:52 Stone Shaft Mining
35:01 Forging
35:02 Scale Barding Armor
35:05 Fletching
35:17 Padded Archer Armor
37:15 Iron Casting
37:01 Chain Barding Armor
38:19 Paladin
42:12 Conscription
42:28 Elite Leitis
48:18 Caravan
49:32 Plate Barding Armor
48:59 Scale Mail Armor
51:30 Elite Skirmisher
54:29 Thumb Ring
55:13 Bodkin Arrow
55:34 Leather Archer Armor
Uptown
9:15 Loom
11:07 Feudal Age
15:28 Castle Age
13:33 Double-Bit Axe
13:35 Horse Collar
15:09 Wheelbarrow
16:58 Heavy Plow
17:15 Bow Saw
22:35 Gold Mining
22:35 Stone Mining
28:15 Hand Cart
27:50 Town Watch
31:55 Imperial Age
29:40 Fletching
29:50 Padded Archer Armor
30:21 Bodkin Arrow
32:18 Ballistics
32:42 Leather Archer Armor
32:57 Bracer
34:01 Chemistry
32:38 Elite Mangudai
32:45 Elite Mangudai
34:14 Conscription
35:52 Forging
Midoriko
0:30 Loom
18:25 Feudal Age
24:07 Double-Bit Axe
24:16 Gold Mining
24:30 Stone Mining
27:27 Castle Age
25:13 Town Watch
27:22 Padded Archer Armor
27:15 Fletching
27:36 Forging
28:13 Crossbowman
28:15 Pikeman
28:57 Squires
30:24 Murder Holes
41:18 Imperial Age
39:25 Wheelbarrow
40:09 Fortified Wall
40:20 Ballistics
40:27 Leather Archer Armor
40:14 Scale Mail Armor
40:51 Iron Casting
40:52 Bodkin Arrow
Boy♂Next♂Door
11:45 Feudal Age
12:49 Loom
16:56 Castle Age
15:26 Horse Collar
16:40 Double-Bit Axe
17:05 Gold Mining
21:58 Wheelbarrow
21:41 Heavy Plow
22:10 Fletching
23:23 Bow Saw
24:01 Hand Cart
24:59 Gold Shaft Mining
27:20 Stone Mining
28:36 Stone Shaft Mining
28:51 Forging
31:02 Iron Casting
30:32 Scale Barding Armor
33:47 Imperial Age
31:03 Treadmill Crane
31:34 Masonry
33:19 Chain Barding Armor
35:39 Blast Furnace
35:14 Crop Rotation
34:24 Heavy Hei Guang Cavalry
35:05 Husbandry
35:15 Bloodlines
37:57 Conscription
37:39 Tuntian
38:06 Ming Guang Armor
40:24 Murder Holes
41:14 Hoardings
51:10 Caravan
jacinfa arderb
2:56 Loom
12:05 Feudal Age
12:50 Horse Collar
12:56 Double-Bit Axe
17:59 Wheelbarrow
20:00 Castle Age
18:12 Stone Mining
21:41 Bow Saw
22:01 Heavy Plow
22:38 Hand Cart
24:55 Town Watch
26:38 Town Patrol
27:47 Bloodlines
27:37 Husbandry
27:44 Fletching
28:04 Gold Mining
32:12 Imperial Age
31:30 Bodkin Arrow
33:16 Conscription
33:20 Scale Barding Armor
35:19 Gold Shaft Mining
34:56 Bracer
35:17 Chain Barding Armor
35:00 Bracer
35:21 Light Cavalry
36:37 Plate Barding Armor
36:29 Ballistics
37:10 Chemistry
36:33 Corvinian Army
39:10 Hussar
40:45 Elite Magyar Huszar
46:09 Siege Engineers
55:17 Padded Archer Armor
為你送上命定之死
0:30 Loom
16:55 Feudal Age
18:40 Man-at-Arms
19:07 Horse Collar
19:15 Double-Bit Axe
27:03 Castle Age
25:10 Gold Mining
30:53 Gold Shaft Mining
30:45 Bow Saw
31:45 Wheelbarrow
32:40 Heavy Plow
33:33 Hand Cart
35:17 Long Swordsman
42:31 Imperial Age
43:03 Padded Archer Armor
43:11 Scale Barding Armor
43:09 Scale Mail Armor
43:00 Fletching
43:13 Heavy Scorpion
56:22 Caravan
斗小彬
0:28 Loom
11:48 Feudal Age
12:14 Double-Bit Axe
12:50 Horse Collar
22:30 Castle Age
23:28 Bow Saw
23:21 Heavy Plow
23:33 Stone Mining
27:39 Scale Barding Armor
27:47 Forging
27:38 Husbandry
30:37 Caravan
31:41 Wheelbarrow
30:57 Town Watch
31:13 Fletching
31:25 Padded Archer Armor
31:29 Gold Mining
35:16 Imperial Age
32:49 Bodkin Arrow
33:10 Leather Archer Armor
32:48 Elite Skirmisher
34:49 Gold Shaft Mining
34:34 Hand Cart
35:35 Chain Barding Armor
37:18 Two-Man Saw
37:06 Conscription
38:36 Yeomen
38:37 Bracer
39:07 Ring Archer Armor
38:54 Fortified Wall
39:45 Chemistry
38:41 Murder Holes
38:52 Town Patrol
38:50 Elite Longbowman
40:28 Cavalier
42:41 Plate Barding Armor
42:42 Iron Casting
41:54 Treadmill Crane
42:35 Ballistics
41:59 Treadmill Crane
43:28 Arrowslits
45:53 Blast Furnace
45:09 Masonry
45:04 Light Cavalry
47:07 Heavy Scorpion
50:37 Hoardings
54:56 Squires
54:17 Pikeman
54:59 Scale Mail Armor
58:02 Warwolf
Connection lost

Rejoining the realm…

Still unreachable

The connection could not be restored.

Session expired

The server has moved on; the page needs a fresh start.